cohdb
Replays
Latest Replays
All Replays
Popular Replays
Top Player Replays
Match Explorer
How It Works
Community
CoH3 Stats
Reddit
Sign in to upload your games and track your stats! →
Sign in with Steam
Match 42073637
Unlisted
Match 42073637
Overview
Messages
Build Orders
End
Construct Section Command Post
Infantry Section
Royal Engineer Section
Infantry Section
Infantry Section
Selects Australian Defense Battlegroup
Selects Australian Light Infantry Section
Selects 2-pounder Anti-tank Gun Team
Construct Platoon Command Post
Humber Armored Car
Vickers Machine Gun Team
Unlock M3 Stuart Light Tanks
M3 Stuart Light Tank
Selects CMP 15cwt Supply Run
M3 Stuart Light Tank
CMP 15cwt Supply Run
Selects Reinforced Resource Caches
Australian Light Infantry Section
Construct Company Command Post
Unlock M3 Grant Medium Tanks
CMP 15cwt Supply Run
M3 Grant Medium Tank
M3 Grant Medium Tank
M3 Grant Medium Tank
Selects Vehicle Over Repair
Dingo Light Scout Car
Dingo Light Scout Car
Dingo Light Scout Car
Dingo Light Scout Car
CMP 15cwt Supply Run
TTVFlekz127
Gambit
qZeto
BIOHAZARD
0
0
Comments
sign in to comment!
No comments posted yet!